 Dungeon Crawl Stone Soup version 0.25-a0-479-g8579842fd4 (webtiles) character file.

Game seed: 322006330715445842, levelgen mode: deterministic

1948 Esekla the Thaumaturge (level 8, -4/41 HPs)
             Began as a Deep Elf Wizard on Feb 9, 2020.
             Slain by a sky beast (5 damage)
             ... on level 8 of the Dungeon.
             The game lasted 01:14:12 (7960 turns).

Esekla the Thaumaturge (Deep Elf Wizard)            Turns: 7960, Time: 01:14:12

Health: -4/41      AC:  4    Str:  6    XL:     8   Next: 98%
Magic:  22/34      EV: 15    Int: 24    God:
Gold:   254        SH:  0    Dex: 13    Spells: 20/29 levels left

rFire    . . .     SeeInvis .   h - +0 dagger
rCold    . . .     Gourm    .   (no shield)
rNeg     . . .     Faith    .   A - +1 robe {MR+}
rPois    .         Spirit   .   j - +0 helmet
rElec    .         Reflect  .   (no cloak)
rCorr    .         Harm     .   (no gloves)
MR       +....                  (no boots)
Stlth    ++........             (no amulet)
HPRegen  0.13/turn              B - ring of magical power
MPRegen  0.24/turn              (no ring)

@: no status effects
A: no striking features
a: no special abilities


You were on level 8 of the Dungeon.
You were hungry.

You visited 2 branches of the dungeon, and saw 10 of its levels.

You collected 254 gold pieces.

Inventory:

Hand Weapons
 h - a +0 dagger (weapon)
 q - a +0 falchion
 t - a +0 trident
Missiles
 r - 5 boomerangs (quivered)
Armour
 b - a +1 leather armour of cold resistance
 j - a +0 helmet (worn)
 A - a +1 robe of magic resistance (worn)
Jewellery
 B - a ring of magical power (left hand)
Wands
 s - a wand of disintegration (10)
Scrolls
 c - a scroll of amnesia {unknown}
 g - 5 scrolls of identify {unknown}
 m - 3 scrolls of teleportation {unknown}
 n - 4 scrolls of enchant armour {unknown}
 p - 3 scrolls of remove curse {unknown}
 u - a scroll of magic mapping {unknown}
 x - 2 scrolls of immolation {unknown}
 y - 2 scrolls of random uselessness {unknown}
 z - a scroll of fear {unknown}
Potions
 e - 2 potions of degeneration {unknown}
 f - 2 potions of lignification {unknown}
 i - a potion of magic {unknown}
 k - 2 potions of agility
 l - 4 potions of haste
 o - 3 potions of heal wounds
 v - 2 potions of cancellation {unknown}
 w - a potion of curing {unknown}
Comestibles
 d - 12 rations


   Skills:
 + Level 0.5 Short Blades
 + Level 1.6 Armour
 * Level 5.3 Dodging
 - Level 2.4 Stealth
 * Level 11.3 Spellcasting
 + Level 4.3 Conjurations
   Level 1.1 Summonings
 + Level 3.9 Translocations
 * Level 2.1 Fire Magic
 * Level 2.2 Air Magic
 * Level 2.5 Poison Magic


You had 20 spell levels left.
You knew the following spells:

 Your Spells              Type           Power        Failure   Level  Hunger
a - Magic Dart            Conj           ####         1%          1    None
b - Blink                 Tloc           N/A          1%          2    None
c - Mephitic Cloud        Conj/Pois/Air  ####....     4%          3    None
f - Conjure Flame         Conj/Fire      ####....     3%          3    None

Your spell library contained the following spells:

 Spells                   Type           Power        Failure   Level  Hunger
 Call Imp                 Summ           ###.....     4%          2    None
 Slow                     Hex            ##......     7%          2    None


Dungeon Overview and Level Annotations

Branches:
Dungeon (9/15)             Temple (1/1) D:4
   Lair: D:8-11         Orc: D:9-12

Altars:
Ashenzari
Cheibriados
Dithmenos
Elyvilon
Gozag
Hepliaklqana
Kikubaaqudgha
Makhleb
Nemelex Xobeh
Qazlal
Ru
Sif Muna
Trog
Vehumet
Wu Jian
Xom
Yredelemnul
Zin
The Shining One


Message History

Casting: Blink (safe; 1% risk of failure)
Confirm with . or Enter, or press ? or * to list all spells.
Aiming: Mephitic Cloud (safe; 4% risk of failure)
Press: ? - help, Shift-Dir - straight line, f - sky beast
Aim: a sky beast The ball explodes into a vile cloud!
The stinking cloud engulfs the sky beast but does no damage.
The sky beast is engulfed in noxious fumes.
The sky beast appears confused.
Casting: Mephitic Cloud (safe; 4% risk of failure)
Confirm with . or Enter, or press ? or * to list all spells.
You blink.
The sky beast is engulfed in noxious fumes.
Found a stone staircase leading down.
The sky beast flickers out of sight!
Deactivating autopickup; reactivate with Ctrl-A.
Something hits you.
* * * LOW HITPOINT WARNING * * *
Something shocks you.
You die...

..._.## #...##........####......
......####......#......##........
.⌠.........####.##.##............
......###...########.##..........
.......[......○○#................
......###....................5...
......# ###..................<...
....### #..5.{.<...#..#........
##### ######...@....#. ####.....
.............#... ..##..
.#...#.......# #.. .#
................ ##. ##
.#...##.##....... #. ..... ###
....... .. #### ....... ....#>.
....


You could see a quasit.

Vanquished Creatures
  A troll (D:8)
  Sigmund (D:5)
  A hungry ghost (D:8)
  An ice beast (D:7)
  A phantom (D:4)
  A sky beast (D:5)
  2 ogres
  2 centaurs
  Blork the orc (D:5)
  A bullfrog (D:6)
  A scorpion (D:8)
  A bullfrog zombie (D:6)
  A bullfrog skeleton (D:5)
  A jelly (D:7)
  A centaur skeleton (D:4)
  3 orc priests
  3 orc wizards
  Jessica (D:3)
  Ijyb (D:3)
  Terence (D:3)
  2 worker ants
  A hound skeleton (D:5)
  Robin (D:3)
  10 adders
  A howler monkey skeleton (D:6)
  3 oozes
  3 worms
  A dart slug (D:3)
  2 leopard geckos
  20 orcs
  10 giant cockroaches
  15 goblins
  8 hobgoblins
  16 jackals
  7 quokkas
  3 ball pythons
  7 bats
  5 frilled lizards
  4 kobolds (D:1)
  2 quokka zombies
  5 rats
152 creatures vanquished.

Notes
Turn   | Place    | Note
-------+----------+-------------------------------------------
     0 | D:1      | Esekla the Deep Elf Wizard began the quest for the Orb.
     0 | D:1      | Reached XP level 1. HP: 10/10 MP: 7/7
   130 | D:1      | Reached XP level 2. HP: 8/15 MP: 1/9
   134 | D:1      | Learned a level 2 spell: Blink
   278 | D:1      | Reached skill level 5 in Spellcasting
   583 | D:2      | Reached XP level 3. HP: 14/19 MP: 4/12
   588 | D:2      | Learned a level 3 spell: Mephitic Cloud
   592 | D:2      | Learned a level 3 spell: Conjure Flame
   936 | D:4      | Reached skill level 6 in Spellcasting
   971 | D:3      | Reached XP level 4. HP: 11/24 MP: 7/14
  1165 | D:3      | Noticed Robin
  1183 | D:3      | Killed Robin
  1727 | D:2      | Found an ornate altar of the Wu Jian Council.
  1834 | D:2      | Reached XP level 5. HP: 27/28 MP: 11/16
  2884 | D:3      | Reached skill level 7 in Spellcasting
  2885 | D:3      | Noticed Terence
  3593 | D:3      | Noticed Ijyb
  3633 | D:3      | Killed Ijyb
  3694 | D:3      | Found a sparkling altar of Nemelex Xobeh.
  3753 | D:3      | Noticed Jessica
  3767 | D:3      | Killed Jessica
  3767 | D:3      | Reached XP level 6. HP: 32/32 MP: 6/18
  4198 | D:3      | Killed Terence
  4200 | D:3      | Reached skill level 8 in Spellcasting
  4788 | D:4      | Found a staircase to the Ecumenical Temple.
  4809 | D:4      | Reached skill level 1 in Armour
  4834 | Temple   | Entered the Ecumenical Temple
  5513 | D:4      | Reached XP level 7. HP: 30/36 MP: 13/21
  5875 | D:5      | Entered Level 5 of the Dungeon
  5910 | D:5      | Noticed Sigmund
  6095 | D:5      | Reached skill level 9 in Spellcasting
  6145 | D:5      | Noticed Blork the orc
  6562 | D:5      | Killed Sigmund
  6562 | D:5      | Reached skill level 1 in Poison Magic
  6570 | D:5      | Killed Blork the orc
  6570 | D:5      | Reached XP level 8. HP: 41/41 MP: 10/23
  6827 | D:5      | Reached skill level 10 in Spellcasting
  6827 | D:5      | Reached skill level 1 in Air Magic
  7224 | D:6      | Reached skill level 1 in Fire Magic
  7486 | D:6      | Reached skill level 5 in Dodging
  7768 | D:8      | Reached skill level 11 in Spellcasting
  7899 | D:8      | Noticed a troll
  7909 | D:8      | Found a radiant altar of Vehumet.
  7909 | D:8      | Found a snail-covered altar of Cheibriados.
  7956 | D:8      | Killed a troll
  7960 | D:8      | HP: 1/41 [something (4)]
  7960 | D:8      | Slain by a sky beast

Levels and vault maps discovered:
D:1:      sevenhm_arrival_forest_fort_small_4, layout_loops_ring
D:2:      layout_basic, nicolae_overflow_crystal_walls, first_ration
D:3:      layout_loops_ring, nemelex_xobeh_ov_fountains_minmay, serial_rivers,
          chequers_serial_rivers_small_3, chequers_serial_rivers_small_3,
          chequers_serial_rivers_micro_b, chequers_serial_rivers_micro_c,
          chequers_serial_rivers_small_b, minmay_three_crescents, uniq_ijyb,
          uniq_robin, uniq_terence, uniq_jessica
D:4:      layout_cave_pools, minmay_temple_entry_arrows
D:5:      minmay_chambers_of_fours, layout_cave_pools, grunt_decor_fettered,
          uniq_blork_the_orc, uniq_sigmund
D:6:      layout_loops_corners, uniq_edmund
D:7:      layout_loops_cross, dancing_weapons_uskayaw, uniq_pikel
D:8:      layout_cave_pools, lemuel_coloured_pillars_altar,
          okawaru_metal_pillars_3, grunt_temple_overflow_open, hangedman_ranch
          [blue_anna_fruit_fields], uniq_maggie
D:9:      layout_roguey, david_orc_1_choice, serial_shops,
          nicolae_shop_statue_plus
Temple:   regret_index_temple_waves

Skill      XL: |  1  2  3  4  5  6  7  8 |
---------------+-------------------------+-----
Spellcasting   | 5 6 7 8 9 11 | 11.3
Dodging        | 3 4 5 |  5.3
Translocations | 2 3 |  3.9
Conjurations   | 2 3 4 |  4.3
Armour         | 1 |  1.6
Poison Magic   | 1 2 |  2.5
Air Magic      | 2 |  2.2
Fire Magic     | 2 |  2.1
Short Blades   | |  0.5
Stealth        | |  2.4
Summonings     | |  1.1

Action                   |  1- 3 |  4- 6 |  7- 9 || total
-------------------------+-------+-------+-------++-------
Melee: Dagger            |     1 |   108 |    45 ||   154
Throw: Boomerang         |       |       |     3 ||     3
 Cast: Magic Dart        |    68 |   242 |   159 ||   469
       Mephitic Cloud    |       |    14 |    24 ||    38
       Blink             |       |    10 |    12 ||    22
       Conjure Flame     |       |     5 |     7 ||    12
 Stab: Confused          |       |     8 |     1 ||     9
       Sleeping          |       |     3 |     1 ||     4
  Eat: Chunk             |       |    11 |     7 ||    18
       Ration            |       |     1 |       ||     1
Armor: Robe              |     4 |     3 |     8 ||    15
       Leather armour    |       |    37 |    13 ||    50
Dodge: Dodged            |    13 |   123 |    74 ||   210

Table legend:
 A = Non-vault XP
 B = Vault XP
 C = Vault XP percentage of total XP
 D = Non-vault monster count
 E = Vault monster count
 F = Vault count percentage of total count
                 A         B        C        D         E       F
            +---------+---------+-------+---------+---------+-------
      Total |    2144 |     640 |  23.0 |     129 |      23 |  15.1
            +---------+---------+-------+---------+---------+-------
        D:1 |      48 |       0 |   0.0 |      25 |       0 |   0.0
        D:2 |      49 |       0 |   0.0 |      15 |       0 |   0.0
        D:3 |     321 |     163 |  33.7 |      32 |      17 |  34.7
        D:4 |     376 |       0 |   0.0 |      29 |       0 |   0.0
        D:5 |     315 |     477 |  60.2 |       9 |       6 |  40.0
        D:6 |     272 |       0 |   0.0 |       7 |       0 |   0.0
        D:7 |     214 |       0 |   0.0 |       5 |       0 |   0.0
        D:8 |     549 |       0 |   0.0 |       7 |       0 |   0.0
            +---------+---------+-------+---------+---------+-------
